 Dungeon Sprint DCSS version 0.20-a0-223-g066d66b (webtiles) character file.

565764 Dfrag the Gargoyle Barricade (level 23, -1/157 HPs)
             Began as a Gargoyle Fighter on Nov 30, 2016.
             Was an Initiate of Gozag.
             Killed from afar by a Tzitzimitl (21 damage)
             ... with a bolt of cold
             ... led by Toidom
             ... in the Dungeon (Sprint IX: "|||||||||||||||||||||||||||||").
             The game lasted 00:33:56 (10969 turns).

Dfrag the Gargoyle Barricade (Gargoyle Fighter)    Turns: 10969, Time: 00:33:57

Health: -1/157     AC: 59    Str: 29    XL:     23   Next: 38%
Magic:  42/42      EV: 37    Int: 11    God:    Gozag
Gold:   4768       SH: 36    Dex: 31    Spells: 53/53 levels left

rFire  + + .     SeeInvis +     p - +8 autumn katana {slice, Clar}
rCold  + . .     Gourm    .     E - +10 plate armour "Uwaitton" {rPois rF++ SInv Stlth-}
rNeg   + + +     Faith    .     b - +4 large shield
rPois  ∞         Spirit   .     T - +3 crown of Dyrovepreva {rElec Int+2 SInv}
rElec  +         Reflect  +     a - +0 cloak of Undesirable Species {Dex+9} (curse)
rCorr  .         Harm     .     q - +0 pair of gloves
MR     ++...     Clarity  +     S - +0 pair of boots "Reut" {rC+ Dex+4}
Stlth  ++........ NoTele   +    Z - amulet of Fainosch {Reflect Dex+4 SH+3}
                                U - ring of Anarchy {rN+++ EV+3 Str+3 Int+4 Dex-2}
                                F - ring of the Countless Stories {MR+ Str+5 Int-4 Slay+2}

@: gold aura, flying
A: big wings, hooves 1, horns 1, frail 1, negative energy resistance 1, sense
surroundings 1, electricity resistance, weak 1, unbreathing, petrification
resistance, rot immunity, MP-powered wands, AC +17
0: Orb of Zot
}: 9/15 runes: decaying, serpentine, barnacled, slimy, elven, silver, golden,
abyssal, gossamer
a: Stop Flying, Potion Petition, Call Merchant, Bribe Branch, Renounce Religion


You were in the Dungeon.
You worshipped Gozag.
Gozag was most pleased with you.
You were not hungry.

You visited 1 branch You collected 52744 gold pieces.
You spent 10770 gold pieces at shops.
You paid 37206 gold pieces to Gozag.

Inventory:

Hand Weapons
 p - the +8 autumn katana (weapon) {slice, Clar}
   (You found it in the Dungeon)

   It inflicts extra damage upon your enemies.
   It protects you against confusion.
 K - the +6 whip "Nimaxap" {vamp, MR+ Str+4}
   (You bought it in a shop in the Dungeon)

   It inflicts no extra harm, but heals its wielder when it wounds a living foe.
   It affects your strength (+4).
   It affects your resistance to hostile enchantments.
 Q - a +7 trishula of holy wrath
Armour
 a - the cursed +0 cloak of Undesirable Species (worn) {Dex+9}
   (You bought it in a shop in the Dungeon)

   It affects your dexterity (+9).
   It has a curse placed upon it.
 b - a +4 large shield (worn)
 q - a +0 pair of gloves (worn)
 C - the +8 orange crystal plate armour {Archmagi, Int+3 Clar}
   (You bought it in a shop in the Dungeon)

   It affects your intelligence (+3).
   It protects you against confusion.
 E - the +10 plate armour "Uwaitton" (worn) {rPois rF++ SInv Stlth-}
   (You bought it in a shop in the Dungeon)

   It greatly protects you from fire.
   It protects you from poison.
   It lets you see invisible.
   It makes you less stealthy.
 S - the +0 pair of boots "Reut" (worn) {rC+ Dex+4}
   (You bought it in a shop in the Dungeon)

   It affects your dexterity (+4).
   It protects you from cold.
 T - the +3 crown of Dyrovepreva (worn) {rElec Int+2 SInv}
   (You bought it in a shop in the Dungeon)

   It affects your intelligence (+2).
   It insulates you from electricity.
   It lets you see invisible.
Jewellery
 r - the ring of Piamuap {+Fly rElec rC+++ EV+2 Str-5, unknown}
   (You bought it in a shop in the Dungeon)

   [ring of evasion]

   It affects your evasion (+2).
   It affects your strength (-5).
   It renders you almost immune to cold.
   It insulates you from electricity.
   It lets you fly.
 u - a +6 ring of strength
 F - the ring of the Countless Stories (left hand) {MR+ Str+5 Int-4 Slay+2}
   (You bought it in a shop in the Dungeon)

   [ring of protection from magic]

   It affects your strength (+5).
   It affects your intelligence (-4).
   It affects your accuracy and damage with ranged weapons and melee attacks
   (+2).
   It affects your resistance to hostile enchantments.
 U - the ring of Anarchy (right hand) {rN+++ EV+3 Str+3 Int+4 Dex-2}
   (You found it in the Dungeon)

   [ring of evasion]

   It affects your evasion (+3).
   It affects your strength (+3).
   It affects your intelligence (+4).
   It affects your dexterity (-2).
   It renders you almost immune to negative energy.
 V - the ring "Impangoquom" {Wiz MR+ Stlth+}
   (You found it in the Dungeon)

   [ring of wizardry]

   It improves your spell success rate.
   It affects your resistance to hostile enchantments.
   It makes you more stealthy.
 X - the amulet "Quokoq" {Gourm *Slow rF+++ rC+ MR+}
   (You found it in the Dungeon)

   [amulet of the gourmand]

   It allows you to eat raw meat even when not hungry.
   It renders you almost immune to fire.
   It protects you from cold.
   It affects your resistance to hostile enchantments.
   It may slow you when you take damage.
 Z - the amulet of Fainosch (around neck) {Reflect Dex+4 SH+3}
   (You found it in the Dungeon)

   [amulet of reflection]

   It shields you and reflects attacks.
   It affects your dexterity (+4).
   It affects your SH (+3).
Wands
 o - a wand of lightning (4/15)
 w - a wand of disintegration (7/24)
 H - a wand of digging (15/24)
 P - a wand of teleportation (5/9)
 W - a wand of hasting (4/9)
Scrolls
 m - 9 scrolls of remove curse
 n - 2 scrolls of amnesia
 x - a scroll of fog
 y - 2 scrolls of fear
 B - a scroll of summoning
 D - 2 scrolls of random uselessness
 I - a scroll of brand weapon
 J - 4 scrolls of recharging
 L - 2 scrolls of enchant armour
 Y - a scroll of torment
Potions
 c - a potion of cure mutation
 d - 2 potions of might
 e - 12 potions of curing
 g - 5 potions of heal wounds
 i - 4 potions of magic
 j - 5 potions of berserk rage
 l - a potion of invisibility
 t - a potion of agility
 v - 2 potions of brilliance
 G - a potion of resistance
Books
 R - a book of Burglary

   Spells                             Type                      Level
   a - Swiftness                      Charms/Air                   2
   b - Passwall                       Transmutation/Earth          2
   c - Passage of Golubria            Translocation                4
   d - Lee's Rapid Deconstruction     Earth                        5
   e - Darkness                       Hexes                        6
   f - Invisibility                   Hexes                        6
Comestibles
 f - 21 bread rations
 z - 20 meat rations
 A - 8 fruits


   Skills:
 O Level 27 Fighting
 O Level 27 Long Blades
 + Level 17.4 Maces & Flails
 O Level 27 Polearms
 + Level 15.8 Throwing
 O Level 27 Armour
 O Level 27 Dodging
 O Level 27 Stealth
 O Level 27 Shields
 + Level 17.0 Unarmed Combat
 + Level 15.8 Spellcasting
 O Level 27 Evocations


You had 53 spell levels left.
You didn't know any spells.

Dungeon Overview and Level Annotations

Branches:
Dungeon (1/1)

Altars:
Cheibriados
Dithmenos
Elyvilon
Fedhas
Gozag
Hepliaklqana
Kikubaaqudgha
Makhleb
Nemelex Xobeh
Okawaru
Qazlal
Ru
Sif Muna
Trog
Uskayaw
Vehumet
Xom
Yredelemnul
Zin
The Shining One
Beogh
Jiyva
Lugonu

Shops:
D ****[[[[[*([%*[*}*}([

Annotations:
D Asmodeus


Innate Abilities, Weirdness & Mutations

You are resistant to torment.
Your stone body is resilient. (AC +17)
You are immune to poison.
Your large and strong wings let you fly indefinitely.
You resist negative energy. (rN+)
You are resistant to electric shocks. (rElec)
You can survive without breathing.
You are immune to petrification.
You are immune to rotting.
You have large cloven feet.
You have a pair of small horns on your head.
You are frail. (-10% HP)
You passively map a small area around you.
You are weak. (Str -2)
You expend magic power (3 MP) to strengthen your wands.


Message History

You hit the Tzitzimitl but do no damage.
Your headbutt misses the Tzitzimitl.
The Tzitzimitl is heavily wounded.
The Tzitzimitl gestures at you. The bolt of cold hits you! You resist.
You hit the Tzitzimitl. Your headbutt misses the Tzitzimitl.
The Tzitzimitl is heavily wounded.
The Tzitzimitl gestures at you. The bolt of cold hits you! You resist.
* * * LOW HITPOINT WARNING * * *
You slice the Tzitzimitl!!
You headbutt the Tzitzimitl, but do no damage.
The Tzitzimitl is severely wounded.
You miss the Tzitzimitl. You headbutt the Tzitzimitl.
The Tzitzimitl is almost dead.
The ice devil is no longer distracted by gold.
The Tzitzimitl gestures at you. The bolt of cold hits you! You resist.
You die...
Your body crumbles into a pile of gold.

▓.▓.▓.▓.♣.♣.▓[▓.▓)▓.▓.▓.▓)▓.▓.▓.
▓.▓.▓.▓.♣)♣.▓'▓.▓)▓.▓)▓.▓.▓)▓.▓.
▓.▓.▓.▓.♣)♣.▓)▓.▓)▓.▓)▓.▓)▓.▓'▓.
▓.▓.▓.▓.♣.♣.▓.▓.▓)▓.▓)▓.▓)▓.▓.▓.
▓.▓.▓.▓.♣)♣.▓.▓.▓.▓.▓)▓.▓)▓.▓.▓.
▓.▓.▓∩▓.♣.♣.▓.▓.▓.▓.▓)▓.▓.▓.▓.▓.
▓.▓.▓.▓.♣.♣.▓.▓4▓[▓.▓)▓.▓.▓.▓.▓.
▓.▓.▓.▓.♣.♣.▓.▓1▓[▓.▓)▓.▓.▓.▓.▓.
▓.▓.▓.▓.▓'▓.▓.▓@▓[▓.▓.▓∩▓.▓.▓.▓.
▓.▓.▓.▓.▓)▓.▓.▓.▓.▓.▓.▓.▓.▓.▓.▓.
▓.▓.▓'▓.▓)▓.▓'▓.▓.▓.▓.▓[▓.▓.▓.▓.
▓.▓.▓.▓.▓.▓.▓.▓.▓.▓.▓[▓[▓)▓.▓.▓.
▓.▓.▓.▓.▓)▓.▓'▓.▓.▓.▓[▓.▓)▓.▓.▓.
▓.▓.▓.▓.▓)▓.▓.▓.▓.▓.▓[▓.▓)▓[▓.▓.
▓.▓.▓.▓.▓)▓.▓'▓.▓.▓[▓[▓.▓.▓.▓.▓.
▓.▓.▓.▓.▓)▓.▓.▓.▓'▓.▓[▓.▓.▓.▓.▓.
▓.▓.▓.▓.▓)▓.▓'▓.▓)▓.▓[▓.▓.▓.♣[♣.


You could see a Tzitzimitl and an ice devil.

Vanquished Creatures
  the Royal Jelly (D)
  Ereshkigal (D)
  Gloorx Vloq (D)
  A pandemonium lord (D)
  Dispater (D)
  Mnoleg (D)
  Mennas (D)
  2 orbs of fire (D)
  Mara (D)
  6 ancient liches (D)
  Sojobo (D)
  8 greater mummies (D)
  Boris (D)
  Frederick (D)
  Xtahua (D)
  Geryon (D)
  Nikola (D)
  5 golden dragons (D)
  Jory (D)
  A bone dragon (D)
  An electric golem (D)
  7 tentacled monstrosities (D)
  6 quicksilver dragons (D)
  28 Orb Guardians (D)
  2 death cobs (D)
  11 acid blobs (D)
  4 deep elf blademasters (D)
  11 shadow dragons (D)
  4 tengu reavers (D)
  A tentacled starspawn (D)
  14 sphinxes (D)
  A storm dragon (D)
  Kirke (D)
  6 azure jellies (D)
  5 nagarajas (D)
  2 draconian monks (D)
  Ilsuiw (D)
  2 deep elf sorcerers (D)
  A fire giant (D)
  3 emperor scorpions (D)
  4 draconian scorchers (D)
  A ghost moth (D)
  A frost giant (D)
  A vault warden (D)
  A draconian shifter (D)
  2 draconian annihilators (D)
  A spriggan defender (D)
  A war gargoyle (D)
  2 draconian stormcallers (D)
  2 very ugly things (D)
  2 entropy weavers (D)
  4 green draconians (D)
  2 ironheart preservers (D)
  3 stone giants (D)
  8 vampire knights (D)
  A black draconian (D)
  2 deep elf annihilators (D)
  5 deep elf demonologists (D)
  3 purple draconians (D)
  4 red draconians (D)
  A white draconian (D)
  A spark wasp (D)
  An ettin (shapeshifter) (D)
  3 ettins (D)
  7 fire dragons (D)
  7 mummy priests (D)
  4 merfolk impalers (D)
  4 death oozes (D)
  Snorg (D)
  A deep elf high priest (D)
  3 yaktaur captains (D)
  4 naga warriors (D)
  3 great orbs of eyes (D)
  A spriggan air mage (D)
  25 vault guards (D)
  2 rakshasas (D)
  4 ice dragons (D)
  A hell beast (D)
  10 hydras (D)
  2 catoblepae (D)
  A merfolk avatar (D)
  7 merfolk aquamancers (D)
  A centaur warrior (D)
  An ogre mage (D)
  3 alligators (D)
  3 deep troll earth magi (D)
  3 death yaks (D)
  A deep troll shaman (D)
  A spriggan berserker (D)
  A thrashing horror (D)
  2 orc high priests (D)
  A deep elf knight (D)
  A sun demon (D)
  2 hell knights (D)
  A wretched star (D)
  Nergalle (D)
  A shadow wraith (D)
  An unseen horror (D)
  A deep troll (D)
  A sea snake (D)
  2 infernal demonspawn (D)
  A wizard (D)
  6 swamp dragons (D)
  An ironbrand convoker (D)
  2 glowing orange brains (D)
  A harpy (D)
  6 orc knights (D)
  2 manticores (D)
  A deep elf mage (D)
  4 wolf spiders (D)
  6 orc sorcerers (D)
  5 ugly things (D)
  An elephant (D)
  4 large abominations (D)
  Joseph (D)
  A rust devil (D)
  11 moths of wrath (D)
  4 black mambas (D)
  3 guardian serpents (D)
  2 merfolk sirens (D)
  A spiny frog (D)
  4 vault sentinels (D)
  A naga mage (D)
  A water nymph (D)
  A freezing wraith (D)
  2 yaktaurs (D)
  3 demonic crawlers (D)
  13 guardian mummies (D)
  A hellwing (D)
  A wandering mushroom (D)
  4 jumping spiders (D)
  A tyrant leech (D)
  A wind drake (D)
  A bog body (D)
  A hornet (D)
  2 snapping turtles (D)
  A blink frog (D)
  A raiju (shapeshifter) (D)
  3 hippogriffs (D)
  3 redbacks (D)
  A yak (shapeshifter) (D)
  11 spriggans (D)
  A wraith (D)
  8 yaks (D)
  2 hogs (D)
  A golden eye (D)
  A basilisk (D)
  Grum (D)
  A basilisk (shapeshifter) (D)
  2 soldier ants (shapeshifter) (D)
  5 nagas (D)
  An acid dragon (D)
  3 water moccasins (D)
  2 floating eyes (D)
  A sky beast (D)
  A swamp drake (D)
  8 orc warriors (D)
  2 ogres (D)
  A sky beast (shapeshifter) (D)
  4 wolves (D)
  A centaur (D)
  4 crocodiles (D)
  2 bullfrogs (D)
  A scorpion (D)
  A wight (D)
  A crimson imp (D)
  A hound (D)
  3 orc priests (D)
  11 orc wizards (D)
  An adder (D)
  A white imp (D)
  An adder skeleton (D)
  6 orcs (D)
  2 bat skeletons (D)
  2 goblins (D)
  2 kobolds (D)
  A frilled lizard (D)
  A quokka zombie (D)
  A rat (D)
  A starspawn tentacle (D)
528 creatures vanquished.

Vanquished Creatures (others)
  An ogre mage (D)
  A human (D)
  A starspawn tentacle (D)
3 creatures vanquished.

Grand Total: 531 creatures vanquished

Notes
Turn   | Place    | Note
-------+----------+-------------------------------------------
     0 | D        | Dfrag the Gargoyle Fighter began the quest for the Orb.
     0 | D        | Reached XP level 1. HP: 14/14 MP: 1/1
   179 | D        | Noticed a crimson imp
   179 | D        | Noticed a hound
   201 | D        | Killed a hound
   201 | D        | Reached XP level 2. HP: 11/20 MP: 2/2
   201 | D        | Reached XP level 3. HP: 14/25 MP: 3/3
   213 | D        | Reached skill level 5 in Fighting
   231 | D        | Found a roughly hewn altar of Beogh.
   231 | D        | Found a snail-covered altar of Cheibriados.
   231 | D        | Found a shadowy altar of Dithmenos.
   231 | D        | Found a white marble altar of Elyvilon.
   231 | D        | Found a blossoming altar of Fedhas.
   231 | D        | Found an opulent altar of Gozag.
   232 | D        | Found a hazy altar of Hepliaklqana.
   233 | D        | Found a viscous altar of Jiyva.
   234 | D        | Found an ancient bone altar of Kikubaaqudgha.
   235 | D        | Found a corrupted altar of Lugonu.
   236 | D        | Found a burning altar of Makhleb.
   237 | D        | Found a sparkling altar of Nemelex Xobeh.
   238 | D        | Found an iron altar of Okawaru.
   239 | D        | Became a worshipper of Gozag Ym Sagoz the Greedy
   240 | D        | Found a stormy altar of Qazlal.
   241 | D        | Found a sacrificial altar of Ru.
   242 | D        | Found a deep blue altar of Sif Muna.
   243 | D        | Found a bloodstained altar of Trog.
   244 | D        | Found a hide-covered altar of Uskayaw.
   249 | D        | Found a radiant altar of Vehumet.
   250 | D        | Found a shimmering altar of Xom.
   256 | D        | Reached skill level 5 in Armour
   256 | D        | Reached skill level 5 in Shields
   256 | D        | Reached XP level 4. HP: 21/31 MP: 4/4
   257 | D        | Found a basalt altar of Yredelemnul.
   259 | D        | Found a glowing silver altar of Zin.
   260 | D        | Found a glowing golden altar of the Shining One.
   456 | D        | Noticed a centaur
   456 | D        | Noticed a crocodile
   456 | D        | Noticed an ogre
   458 | D        | Reached XP level 5. HP: 37/37 MP: 5/5
   466 | D        | Killed a centaur
   466 | D        | Reached XP level 6. HP: 44/44 MP: 6/6
   474 | D        | Reached skill level 5 in Long Blades
   490 | D        | Noticed a hippogriff
   490 | D        | Noticed a brown ugly thing
   490 | D        | Noticed a centaur warrior
   490 | D        | Noticed an acid dragon
   493 | D        | Reached XP level 7. HP: 40/50 MP: 7/7
   496 | D        | Killed a hippogriff
   505 | D        | Killed a brown ugly thing
   505 | D        | Reached skill level 10 in Fighting
   505 | D        | Reached skill level 10 in Armour
   505 | D        | Reached skill level 10 in Shields
   505 | D        | Reached XP level 8. HP: 40/57 MP: 8/8
   509 | D        | Killed a centaur warrior
   509 | D        | Reached XP level 9. HP: 31/64 MP: 9/9
   746 | D        | Noticed a seven-headed hydra
   759 | D        | HP: 1/64 [13-headed hydra (9)]
   761 | D        | Killed a 13-headed hydra
  1000 | D        | Bought a bread ration for 65 gold pieces
  1000 | D        | Bought a meat ration for 65 gold pieces
  1000 | D        | Bought a slice of pizza for 19 gold pieces
  1000 | D        | Bought a meat ration for 65 gold pieces
  1000 | D        | Bought 5 fruits for 97 gold pieces
  1000 | D        | Bought a meat ration for 65 gold pieces
  1000 | D        | Bought a meat ration for 65 gold pieces
  1000 | D        | Bought a meat ration for 65 gold pieces
  1000 | D        | Bought a meat ration for 65 gold pieces
  1000 | D        | Bought a bread ration for 65 gold pieces
  1044 | D        | Reached XP level 10. HP: 66/72 MP: 10/10
  1069 | D        | Noticed an eight-headed hydra
  1069 | D        | Noticed an elephant
  1072 | D        | Reached skill level 10 in Long Blades
  1079 | D        | Noticed a death yak
  1090 | D        | Killed an eight-headed hydra
  1103 | D        | Killed an elephant
  1110 | D        | Killed a death yak
  1181 | D        | Bought the +8 orange crystal plate armour {Archmagi, Int+3 Clar} for 1505 gold pieces
  1345 | D        | Noticed a catoblepas
  1345 | D        | Noticed a catoblepas
  1345 | D        | Noticed a death yak
  1356 | D        | Noticed a death yak
  1361 | D        | Killed a catoblepas
  1361 | D        | Reached XP level 11. HP: 53/80 MP: 11/11
  1373 | D        | Killed a catoblepas
  1378 | D        | Killed a death yak
  1390 | D        | Killed a death yak
  1625 | D        | Noticed Joseph
  1634 | D        | Killed Joseph
  1634 | D        | Reached skill level 15 in Armour
  1634 | D        | Reached skill level 15 in Shields
  1665 | D        | Noticed an orc sorcerer
  1675 | D        | Killed an orc sorcerer
  1675 | D        | Reached skill level 15 in Fighting
  1948 | D        | Noticed an orc knight
  1948 | D        | Noticed an orc high priest
  1948 | D        | Noticed an orc high priest
  1948 | D        | Noticed an orc knight
  1956 | D        | Killed an orc knight
  1960 | D        | Killed an orc high priest
  1968 | D        | Killed an orc high priest
  1975 | D        | Noticed an orc knight
  1981 | D        | Killed an orc knight
  2014 | D        | Killed an orc knight
  2016 | D        | Reached XP level 12. HP: 57/88 MP: 12/12
  2048 | D        | Bought a bronze plate armour for 952 gold pieces
  2050 | D        | Bought a warped bronze ring for 145 gold pieces
  2060 | D        | Identified the +10 plate armour "Uwaitton" {rPois rF++ SInv Stlth-} (You bought it in a shop in the Dungeon)
  2061 | D        | Identified the ring of the Countless Stories {MR+ Str+5 Int-4 Slay+2} (You bought it in a shop in the Dungeon)
  2064 | D        | Bought a metallic grey potion for 26 gold pieces
  2064 | D        | Bought 2 sedimented purple potions for 52 gold pieces
  2064 | D        | Bought a scroll labeled WEONWE COWK for 29 gold pieces
  2064 | D        | Bought a scroll labeled JUIBEE TATHRECH for 29 gold pieces
  2079 | D        | Found Ruydoep's Assorted Antiques.
  2095 | D        | Found Pysewk's Gadget Shoppe.
  2106 | D        | Found Lioth's General Store.
  2128 | D        | Found Warisata's Gadget Shoppe.
  2131 | D        | Bought a smoking whip for 232 gold pieces
  2152 | D        | Bought a scroll of magic mapping for 45 gold pieces
  2152 | D        | Bought a potion of beneficial mutation for 455 gold pieces
  2152 | D        | Bought a scroll of identify for 26 gold pieces
  2152 | D        | Bought a potion of cancellation for 104 gold pieces
  2183 | D        | Bought a wand of teleportation (5/9) for 324 gold pieces
  2209 | D        | Noticed Grum
  2218 | D        | Killed Grum
  2394 | D        | Noticed an ogre mage
  2410 | D        | Killed an ogre mage
  2411 | D        | Noticed a fire dragon
  2416 | D        | Noticed a sphinx
  2439 | D        | Killed a fire dragon
  2443 | D        | Killed a sphinx
  2574 | D        | Noticed an entropy weaver
  2582 | D        | Killed an entropy weaver
  2582 | D        | Reached XP level 13. HP: 86/96 MP: 13/13
  2650 | D        | Reached skill level 15 in Long Blades
  2715 | D        | Noticed a nagaraja
  2734 | D        | Killed a nagaraja
  2844 | D        | Bought a glowing helmet for 399 gold pieces
  2861 | D        | Bought a bread ration for 50 gold pieces
  2861 | D        | Bought a meat ration for 50 gold pieces
  2861 | D        | Bought a bread ration for 50 gold pieces
  2861 | D        | Bought a bread ration for 50 gold pieces
  2861 | D        | Bought a bread ration for 50 gold pieces
  2861 | D        | Bought a meat ration for 50 gold pieces
  2861 | D        | Bought a bread ration for 50 gold pieces
  2927 | D        | Noticed Kirke
  2938 | D        | Killed Kirke
  2973 | D        | Noticed an ettin
  2973 | D        | Noticed an ice dragon
  2973 | D        | Noticed an ice dragon
  2973 | D        | Noticed a cyan very ugly thing
  2985 | D        | Killed an ettin
  2994 | D        | Noticed a fire dragon
  2994 | D        | Gained mutation: Your large and strong wings let you fly indefinitely. [Gargoyle growth]
  2994 | D        | Reached XP level 14. HP: 102/106 MP: 14/14
  2998 | D        | Killed a cyan very ugly thing
  3017 | D        | Noticed a fire giant
  3030 | D        | Noticed a tengu reaver
  3043 | D        | Killed a fire giant
  3084 | D        | Killed a tengu reaver
  3149 | D        | Bought a scroll of identify for 52 gold pieces
  3149 | D        | Bought a scroll labeled WOVITTA NATOU for 26 gold pieces
  3161 | D        | Noticed an entropy weaver
  3186 | D        | Killed an entropy weaver
  3187 | D        | Noticed an ironheart preserver
  3211 | D        | Killed an ironheart preserver
  3212 | D        | Noticed a stone giant
  3216 | D        | Noticed a white very ugly thing
  3217 | D        | Noticed a tengu reaver
  3218 | D        | Noticed a vault warden
  3233 | D        | Killed a stone giant
  3241 | D        | Killed a white very ugly thing
  3248 | D        | Killed a tengu reaver
  3248 | D        | Reached XP level 15. HP: 70/115 MP: 15/15
  3254 | D        | Killed a vault warden
  3432 | D        | Noticed Snorg
  3445 | D        | Killed Snorg
  3626 | D        | Noticed Mennas
  3657 | D        | Killed Mennas
  3732 | D        | Noticed a nagaraja
  3732 | D        | Noticed a nagaraja
  3733 | D        | Noticed a nagaraja
  3735 | D        | Noticed a nagaraja
  3747 | D        | Killed a nagaraja
  3758 | D        | Killed a nagaraja
  3767 | D        | Killed a nagaraja
  3784 | D        | Killed a nagaraja
  3802 | D        | Got a serpentine rune of Zot
  3831 | D        | Noticed an emperor scorpion
  3831 | D        | Noticed a ghost moth
  3849 | D        | Killed an emperor scorpion
  3866 | D        | Killed a ghost moth
  3874 | D        | Noticed an emperor scorpion
  3899 | D        | Killed an emperor scorpion
  3902 | D        | Noticed an emperor scorpion
  3927 | D        | Killed an emperor scorpion
  3933 | D        | Got a gossamer rune of Zot
  4005 | D        | Reached XP level 16. HP: 92/125 MP: 16/16
  4037 | D        | Got a decaying rune of Zot
  4059 | D        | Bought the +3 crown of Dyrovepreva {rElec Int+2 SInv} for 662 gold pieces
  4073 | D        | Bought a distressingly furry chain mail for 332 gold pieces
  4073 | D        | Identified the +5 chain mail of Lugonu's Displeasure {Int+3} (You bought it in a shop in the Dungeon)
  4074 | D        | Identified the +6 whip "Nimaxap" {vamp, MR+ Str+4} (You bought it in a shop in the Dungeon)
  4087 | D        | Noticed Ilsuiw
  4144 | D        | Killed Ilsuiw
  4176 | D        | Got a barnacled rune of Zot
  4201 | D        | Bought a scroll of enchant armour for 75 gold pieces
  4201 | D        | Bought a scroll of identify for 20 gold pieces
  4201 | D        | Bought a scroll of identify for 20 gold pieces
  4201 | D        | Bought a scroll of remove curse for 30 gold pieces
  4201 | D        | Bought a scroll of identify for 20 gold pieces
  4201 | D        | Bought a scroll of identify for 20 gold pieces
  4201 | D        | Bought a scroll of identify for 20 gold pieces
  4201 | D        | Bought a scroll of acquirement for 520 gold pieces
  4201 | D        | Bought a scroll of torment for 75 gold pieces
  4201 | D        | Bought 2 scrolls of identify for 40 gold pieces
  4203 | D        | Got a pair of fine boots
  4214 | D        | Identified the +0 pair of boots of Valour {rF+ rC- MR+} (You acquired it in the Dungeon)
  4309 | D        | Noticed Boris
  4324 | D        | Killed Boris
  4334 | D        | Noticed Mara
  4340 | D        | Noticed Dfrag's illusion
  4345 | D        | Killed Mara
  4346 | D        | Noticed Nergalle
  4350 | D        | Killed Nergalle
  4557 | D        | Reached XP level 17. HP: 136/136 MP: 17/17
  4595 | D        | Noticed a sphinx
  4615 | D        | Killed a sphinx
  4721 | D        | Noticed a quicksilver dragon
  4741 | D        | Killed a quicksilver dragon
  4766 | D        | Reached skill level 27 in Fighting
  4766 | D        | Reached skill level 27 in Armour
  4766 | D        | Reached skill level 27 in Shields
  4791 | D        | Got a silver rune of Zot
  4859 | D        | Noticed Sojobo
  4874 | D        | Killed Sojobo
  4890 | D        | Bought a pair of ancient boots for 285 gold pieces
  4891 | D        | Identified the cursed +0 pair of boots "Reut" {rC+ Dex+4} (You bought it in a shop in the Dungeon)
  4941 | D        | Got the ring "Impangoquom" {Wiz MR+ Stlth+}
  4947 | D        | Got the ring of Anarchy {rN+++ EV+3 Str+3 Int+4 Dex-2}
  4949 | D        | Got the amulet of Fainosch {Reflect Dex+4 SH+3}
  4956 | D        | Got the amulet "Quokoq" {Gourm *Slow rF+++ rC+ MR+}
  5022 | D        | Gained mutation: You occasionally shout uncontrollably at your foes. [potion of mutation]
  5022 | D        | Gained mutation: Armour fits poorly on your strangely shaped body. [potion of mutation]
  5022 | D        | Gained mutation: Your natural rate of healing is unusually fast. [potion of mutation]
  5023 | D        | Lost mutation: Armour fits poorly on your strangely shaped body. [potion of cure mutation]
  5023 | D        | Lost mutation: Your natural rate of healing is unusually fast. [potion of cure mutation]
  5023 | D        | Lost mutation: You occasionally shout uncontrollably at your foes. [potion of cure mutation]
  5024 | D        | Gained mutation: You passively map a small area around you. [potion of mutation]
  5024 | D        | Gained mutation: You expend magic power (3 MP) to strengthen your wands. [potion of mutation]
  5024 | D        | Gained mutation: You have a pair of small horns on your head. [potion of mutation]
  5025 | D        | Gained mutation: You have large cloven feet. [potion of beneficial mutation]
  5046 | D        | Noticed Xtahua
  5046 | D        | Paralysed by Xtahua for 4 turns
  5059 | D        | Killed Xtahua
  5063 | D        | Noticed Jory
  5073 | D        | Killed Jory
  5077 | D        | Noticed Nikola
  5086 | D        | Killed Nikola
  5093 | D        | Bought a pair of slimy gloves for 266 gold pieces
  5108 | D        | Noticed Frederick
  5117 | D        | Killed Frederick
  5117 | D        | Reached XP level 18. HP: 136/145 MP: 18/18
  5146 | D        | Reached skill level 27 in Long Blades
  5146 | D        | Reached skill level 1 in Stealth
  5146 | D        | Reached skill level 1 in Evocations
  5149 | D        | Paralysed by a vampire knight for 4 turns
  5159 | D        | Reached skill level 5 in Stealth
  5173 | D        | Reached skill level 5 in Evocations
  5242 | D        | Bought a steaming plate armour for 784 gold pieces
  5244 | D        | Identified the cursed +0 pair of gloves of Dyspraxia {rPois rF- Dex+6} (You bought it in a shop in the Dungeon)
  5245 | D        | Identified the +1 plate armour of Xomn {Str-2 Dex+3} (You bought it in a shop in the Dungeon)
  5295 | D        | Noticed a golden dragon
  5295 | D        | Noticed a bone dragon
  5295 | D        | Noticed a golden dragon
  5299 | D        | Killed a golden dragon
  5304 | D        | Reached skill level 10 in Stealth
  5312 | D        | Killed a bone dragon
  5320 | D        | Killed a golden dragon
  5320 | D        | Reached skill level 10 in Evocations
  5370 | D        | Reached skill level 15 in Stealth
  5405 | D        | Noticed a golden dragon
  5405 | D        | Noticed a tentacled monstrosity
  5415 | D        | Killed a golden dragon
  5423 | D        | Killed a tentacled monstrosity
  5658 | D        | Noticed a quicksilver dragon
  5658 | D        | Noticed a golden dragon
  5661 | D        | Noticed a tentacled monstrosity
  5680 | D        | Killed a quicksilver dragon
  5680 | D        | Reached skill level 15 in Evocations
  5700 | D        | Killed a golden dragon
  5707 | D        | Killed a tentacled monstrosity
  5737 | D        | Noticed a quicksilver dragon
  5738 | D        | Noticed a tentacled monstrosity
  5740 | D        | Killed a quicksilver dragon
  5741 | D        | Noticed a tentacled monstrosity
  5756 | D        | Killed a tentacled monstrosity
  5756 | D        | Reached XP level 19. HP: 136/151 MP: 31/31
  5773 | D        | Killed a tentacled monstrosity
  5978 | D        | Bought a shimmering cloak for 275 gold pieces
  5988 | D        | Identified the cursed +0 cloak of Undesirable Species {Dex+9} (You bought it in a shop in the Dungeon)
  5990 | D        | Noticed a tentacled monstrosity
  5999 | D        | Killed a tentacled monstrosity
  6000 | D        | Noticed a golden dragon
  6008 | D        | Noticed a tentacled monstrosity
  6038 | D        | Killed a golden dragon
  6045 | D        | Killed a tentacled monstrosity
  6187 | D        | Reached skill level 27 in Stealth
  6267 | D        | Noticed an ancient lich
  6277 | D        | Killed an ancient lich
  6280 | D        | Noticed an orb of fire
  6289 | D        | Gained mutation: You are frail. (-10% HP) [an orb of fire]
  6294 | D        | Killed an orb of fire
  6294 | D        | Reached XP level 20. HP: 91/141 MP: 36/36
  6445 | D        | Noticed an electric golem
  6455 | D        | Killed an electric golem
  6455 | D        | Reached skill level 5 in Dodging
  6667 | D        | Noticed an orb of fire
  6679 | D        | Gained mutation: You are weak. (Str -2) [an orb of fire]
  6680 | D        | Killed an orb of fire
  6693 | D        | Noticed an ancient lich
  6710 | D        | Reached skill level 15 in Dodging
  6717 | D        | Killed an ancient lich
  6770 | D        | Bought 2 scrolls labeled MIKASHR OS BEU for 62 gold pieces
  6770 | D        | Bought a fluorescent wand for 124 gold pieces
  6770 | D        | Bought an encrusted mace for 248 gold pieces
  6771 | D        | Bought a scroll of enchant weapon for 112 gold pieces
  6776 | D        | Identified the cursed +3 mace of a labyrinth {venom, rElec rN+ Str+5} (You bought it in a shop in the Dungeon)
  6985 | D        | Noticed an ancient lich
  6985 | D        | Noticed an ancient lich
  6989 | D        | Paralysed by an ancient lich for 4 turns
  6990 | D        | Noticed an ancient lich
  6995 | D        | Noticed an ancient lich
  6999 | D        | Killed an ancient lich
  6999 | D        | Reached XP level 21. HP: 125/146 MP: 37/37
  7024 | D        | Killed an ancient lich
  7031 | D        | Killed an ancient lich
  7039 | D        | Killed an ancient lich
  7087 | D        | Reached skill level 1 in Polearms
  7138 | D        | Reached skill level 5 in Polearms
  7138 | D        | Reached skill level 27 in Dodging
  7155 | D        | Reached skill level 10 in Polearms
  7195 | D        | Got an elven rune of Zot
  7240 | D        | Reached skill level 15 in Polearms
  7244 | D        | Noticed the Royal Jelly
  7251 | D        | Paralysed by a floating eye for 3 turns
  7371 | D        | Killed the Royal Jelly
  7517 | D        | Bought a translucent plate armour for 840 gold pieces
  7517 | D        | Bought a scroll of identify for 60 gold pieces
  7518 | D        | Identified the cursed +1 plate armour of Dramatic Exits {*Corrode rPois Str+2} (You bought it in a shop in the Dungeon)
  7760 | D        | Got a slimy rune of Zot
  7869 | D        | Reached XP level 22. HP: 71/152 MP: 38/38
  7877 | D        | Paralysed by a sphinx for 7 turns
  8274 | D        | Bought a scroll of recharging for 323 gold pieces
  8274 | D        | Bought a faintly glowing pewter ring for 170 gold pieces
  8470 | D        | Noticed a greater mummy
  8508 | D        | Killed a greater mummy
  8508 | D        | Reached skill level 27 in Polearms
  8508 | D        | Reached skill level 5 in Maces & Flails
  8508 | D        | Reached skill level 1 in Throwing
  8508 | D        | Reached skill level 1 in Spellcasting
  8896 | D        | Noticed a greater mummy
  8896 | D        | Noticed a greater mummy
  8896 | D        | Noticed a greater mummy
  8896 | D        | Noticed a greater mummy
  8896 | D        | Noticed a greater mummy
  8981 | D        | Killed a greater mummy
  8993 | D        | Killed a greater mummy
  8993 | D        | Reached skill level 5 in Throwing
  8993 | D        | Reached skill level 5 in Spellcasting
  9108 | D        | Killed a greater mummy
  9282 | D        | Killed a greater mummy
  9334 | D        | Noticed a greater mummy
  9346 | D        | Killed a greater mummy
  9346 | D        | Reached skill level 10 in Maces & Flails
  9347 | D        | Noticed a greater mummy
  9358 | D        | Killed a greater mummy
  9358 | D        | Reached skill level 10 in Unarmed Combat
  9375 | D        | Killed a greater mummy
  9377 | D        | Got a golden rune of Zot
  9604 | D        | Reached skill level 10 in Spellcasting
  9604 | D        | Reached skill level 27 in Evocations
  9608 | D        | Reached skill level 10 in Throwing
  9643 | D        | Got an abyssal rune of Zot
  9790 | D        | Noticed Geryon
  9805 | D        | Killed Geryon
  9808 | D        | Noticed Ereshkigal
  9808 | D        | Noticed Mnoleg
  9839 | D        | Killed Ereshkigal
  9841 | D        | Noticed Dispater
  9857 | D        | Killed Mnoleg
  9857 | D        | Reached XP level 23. HP: 133/157 MP: 10/40
  9866 | D        | Noticed Gloorx Vloq
  9873 | D        | Noticed Asmodeus
  9882 | D        | Killed Dispater
  9882 | D        | Reached skill level 15 in Maces & Flails
 10304 | D        | Killed Gloorx Vloq
 10304 | D        | Reached skill level 15 in Unarmed Combat
 10557 | D        | Got the Orb of Zot
 10781 | D        | Reached skill level 15 in Throwing
 10781 | D        | Reached skill level 15 in Spellcasting
 10901 | D        | Noticed Toidom the pandemonium lord
 10956 | D        | Killed Toidom the pandemonium lord
 10969 | D        | Killed from afar by a Tzitzimitl

Vault maps used:
D:        linesprint

Skill      XL: |  1  2  3  4  5  6  7  8  9 10 11 12 13 14 15 16 17 18 19 20 21 22 23 |
---------------+----------------------------------------------------------------------+-----
Fighting       | 4 5 6 7 8 10 11 12 14 15 17 19 21 23 25 27 | 27.0
Maces & Flails | 3 4 14 17 | 17.4
Armour         | 4 5 6 7 8 10 11 12 14 15 17 19 21 23 25 27 | 27.0
Shields        | 4 5 6 7 8 10 11 12 14 15 17 19 21 23 25 27 | 27.0
Long Blades    | 2 3 5 7 8 9 11 13 14 16 18 20 22 26 27 | 27.0
Stealth        | 21 27 | 27.0
Evocations     | 17 25 27 | 27.0
Dodging        | 23 27 | 27.0
Polearms       | 22 27 | 27.0
Throwing       | 13 15 | 15.8
Unarmed Combat | 14 17 | 17.0
Spellcasting   | 13 15 | 15.8

Action                   |  1- 3 |  4- 6 |  7- 9 | 10-12 | 13-15 | 16-18 | 19-21 | 22-24 || total
-------------------------+-------+-------+-------+-------+-------+-------+-------+-------++-------
Melee: Flail             |    87 |       |       |    10 |       |       |       |       ||    97
       Katana            |       |    15 |    46 |   291 |   589 |   595 |   536 |   432 ||  2504
       Headbutt          |       |       |       |       |       |   105 |   221 |   186 ||   512
       Trishula          |       |       |       |       |       |       |     1 |    21 ||    22
Invok: Call Merchant     |       |       |     2 |     3 |     4 |     5 |     4 |     1 ||    19
       Potion Petition   |       |       |       |       |       |       |     1 |     2 ||     3
 Abil: Fly               |       |       |       |       |       |     2 |       |       ||     2
       Stop Flying       |       |       |       |       |       |     2 |       |       ||     2
Evoke: Wand              |       |       |     1 |     6 |       |       |     1 |     3 ||    11
  Use: Potion            |       |       |     2 |     1 |     1 |     4 |     4 |     4 ||    16
       Scroll            |       |       |     1 |     1 |     3 |    11 |    14 |     1 ||    31
 Stab: Distracted        |       |       |       |     5 |     3 |    13 |    33 |     3 ||    57
       Sleeping          |       |       |       |       |       |     1 |     9 |     4 ||    14
       Invisible         |       |       |       |       |       |       |       |     2 ||     2
  Eat: Fruit             |       |       |       |     5 |     9 |     1 |    10 |    12 ||    37
       Royal jelly       |       |       |       |     1 |       |       |     1 |       ||     2
       Pizza             |       |       |       |     1 |       |       |       |       ||     1
Armor: Scale mail        |    44 |       |       |       |       |       |       |       ||    44
       Chain mail        |       |     3 |    40 |    47 |       |       |       |       ||    90
       Crystal plate arm |       |       |       |    43 |       |       |       |       ||    43
       Plate armour      |       |       |       |    19 |   216 |   143 |    88 |    46 ||   512
Dodge: Dodged            |    23 |     1 |    19 |    44 |    53 |    50 |    80 |   118 ||   388
Block: Shield            |    44 |     6 |    38 |    96 |       |       |       |       ||   184
       Large shield      |       |       |       |    37 |   477 |   383 |   383 |   365 ||  1645
       Reflection        |       |       |       |       |       |     1 |     6 |     2 ||     9
       Rpst.: Katana     |       |       |     5 |     1 |     7 |     8 |    15 |    28 ||    64
